Map: Proxima Station LE

Players

Pokebunny

  • Race: Terran Terran
  • Spawn Location: 7:00

TLO - Winner!

  • Race: Zerg Zerg
  • Spawn Location: 1:00

Event: WCS Austin 2017

VOD

Have the link to the VOD?

Description

Time

  • Played on: April 28, 2017, 1:56 p.m.
  • Length: 12:18

All games in this series

Show
View Real Time Build Order
Export as new Build Order

Pokebunny Terran 

Build Orders: Reaper Expand, MMM Bio 

Get SALT Encoding   

  12  0:00  SCV  
  13  0:12  SCV  
  14  0:17  Supply Depot  
  14  0:25  SCV  
  15  0:30  Refinery  
  15  0:39  SCV  
  16  0:45  Barracks  
  16  0:51  SCV  
  17  1:03  SCV  
  18  1:15  SCV  
  19  1:32  Orbital Command  
  19  1:33  Reaper  
  20  1:43  Command Center  
  20  1:57  Factory  
  20  1:58  SCV  
  21  2:03  Refinery  
  21  2:09  Barracks Reactor  
  21  2:10  SCV  
  22  2:17  Supply Depot  
  22  2:22  SCV  
  23  2:41  Starport  
  23  2:45  Marine x2  
  23  2:48  SCV  
  23  2:49  Factory Tech Lab  
  26  2:56  Orbital Command  
  26  3:00  SCV  
  26  3:02  Marine  
  26  3:03  Marine  
  29  3:07  Siege Tank  
  29  3:12  SCV  
  33  3:20  Marine x2  
  33  3:23  Medivac  
  33  3:24  SCV  
  33  3:25  SCV  
  39  3:34  Supply Depot  
  39  3:36  SCV  
  39  3:37  SCV  
  39  3:39  Marine x2  
  43  3:45  Siege Tank  
  46  3:55  SCV x2  
  46  3:57  Supply Depot  
  46  4:01  Marine x2  
  50  4:03  Medivac  
  50  4:08  SCV x2  
  54  4:25  SCV  
  54  4:26  Command Center, SCV  
  54  4:27  Marine  
  54  4:29  Factory Reactor  
  57  4:45  Marine  
  57  4:47  Stimpack, SCV x2  
  60  4:53  Barracks  
  60  4:55  Barracks  
  57  5:01  SCV x2  
  57  5:06  Engineering Bay  
  59  5:07  Engineering Bay, Marine  
  59  5:09  Starport Reactor  
  59  5:13  SCV  
  59  5:14  SCV  
  62  5:15  Starport Reactor  
  62  5:16  Refinery  
  62  5:17  Factory Reactor, Refinery  
  62  5:29  Marine  
  62  5:35  Supply Depot  
  62  5:36  Terran Infantry Armor Level 1, Terran Infantry Weapons Level 1  
  62  5:38  Supply Depot, SCV x2  
  62  5:39  Orbital Command  
  64  5:44  Marine x2  
  66  5:50  SCV x2  
  68  5:57  Widow Mine, Medivac x2  
  68  5:58  Widow Mine, Marine x3  
  79  6:04  Supply Depot x2, Orbital Command  
  79  6:08  Marine x2  
  81  6:17  Marine  
  82  6:20  SCV x2  
  82  6:23  Marine x2  
  86  6:27  Barracks  
  86  6:28  Barracks  
  86  6:30  SCV  
  86  6:32  Widow Mine x2  
  87  6:33  Marine  
  87  6:34  Marine  
  93  6:42  SCV x2  
  93  6:43  Armory  
  93  6:45  SCV  
  96  6:54  SCV  
  96  6:55  Supply Depot, Marine x4  
  83  7:17  Barracks Reactor, Marine x3  
  83  7:18  Barracks Reactor, Marine x2  
  83  7:19  SCV x3  
  88  7:29  Widow Mine x2  
  92  7:30  Barracks  
  92  7:33  Terran Infantry Weapons Level 2, Barracks, Terran Infantry Armor Level 2  
  92  7:38  Barracks, SCV x2  
  92  7:39  SCV  
  95  7:46  Supply Depot  
  95  7:47  Combat Shields  
  95  7:50  Marine, SCV x2  
  95  7:51  Marine x3  
  100  7:53  Marine  
  100  7:57  Marine x3  
  100  7:58  Marine  
  105  8:03  SCV x3  
  109  8:08  Supply Depot, Marine  
  109  8:09  Supply Depot, Widow Mine x2  
  114  8:19  Barracks Reactor, Barracks Tech Lab  
  104  8:31  Marauder  
  104  8:32  Marine x2, Barracks Tech Lab  
  104  8:33  Marine x4  
  110  8:37  SCV x3  
  110  8:38  Widow Mine x2  
  110  8:41  Supply Depot x2  
  117  8:42  Marine  
  117  8:43  Supply Depot, Marauder  
  117  8:47  Marine  
  121  8:49  Concussive Shells  
  121  8:50  Medivac x2  
  121  8:53  Supply Depot x2, Marauder  
  121  8:54  Marine x4  
  131  8:56  Marine  
  131  8:57  Marauder, Marine x2  
  131  8:58  Marine  
  131  9:00  Marine  
  131  9:01  Supply Depot  
  131  9:13  Marine x4  
  131  9:14  Marauder x2  
  135  9:19  Widow Mine x2  
  135  9:20  Marauder, Marine x2  
  135  9:22  Medivac x2  
  147  9:25  Marine x4  
  151  9:33  Refinery  
  151  9:35  Marine x2  
  151  9:37  Command Center  
  153  9:38  Bunker  
  153  9:45  Marauder x3, Marine x2  
  161  9:46  Marine  
  161  9:50  Unknown x2  
  146  10:04  Marine x4  
  146  10:05  Marine x2  
  146  10:06  Medivac x2, Marauder  
  158  10:13  Marine x2  
  155  10:14  Marauder  
  155  10:18  Marauder, Marine  
  158  10:25  Widow Mine x2  
  158  10:26  Supply Depot  
  157  10:41  Marauder, Marine  
  157  10:42  Marauder, Marine x5  
  146  10:43  Marauder, Marine x4  
  146  10:45  Medivac x2  
  128  10:59  Widow Mine x2, Marine x2  
  128  11:00  Marine  
  128  11:01  Marine  
  128  11:03  Marauder  
  138  11:13  Marine x2  
  138  11:14  Marauder x2, Marine  
  145  11:20  Marine  
  145  11:21  Marine x4  
  145  11:24  Marauder, Planetary Fortress  
  152  11:27  Marine  
  153  11:34  Refinery  
  153  11:35  Marauder  
  153  11:36  Marine x3  
  153  11:37  Marauder  
  160  11:45  Starport x2  
  160  11:51  Marine x2  
  160  11:52  Marauder, Marine x3  
Show
View Real Time Build Order
Export as new Build Order

TLO Zerg - Winner!

Build Orders: Hatch First 

Get SALT Encoding   

  12  0:00  Drone  
  13  0:12  Overlord  
  13  0:17  Drone  
  14  0:31  Drone x2  
  16  0:48  Hatchery  
  15  0:51  Drone  
  15  0:55  Drone  
  17  1:09  Spawning Pool  
  16  1:12  Drone  
  16  1:15  Drone  
  18  1:19  Drone  
  18  1:22  Extractor  
  18  1:30  Drone  
  19  1:39  Overlord  
  19  1:50  Drone  
  20  1:55  Queen  
  20  2:00  Queen  
  20  2:01  Drone x2  
  26  2:11  Drone x2  
  28  2:26  Hatchery  
  28  2:30  Drone  
  28  2:31  Drone  
  28  2:34  Extractor  
  28  2:38  Drone  
  28  2:44  Queen  
  30  2:48  Overlord  
  32  2:52  Metabolic Boost  
  32  2:59  Drone x2  
  32  3:00  Zergling x2  
  35  3:08  Drone x2  
  35  3:09  Drone x2  
  35  3:11  Drone  
  40  3:13  Drone  
  40  3:15  Drone  
  40  3:17  Drone  
  43  3:23  Zergling x2, Spine Crawler  
  43  3:30  Overlord  
  43  3:32  Drone  
  44  3:35  Overlord  
  44  3:39  Queen  
  44  3:40  Zergling x2  
  47  3:42  Drone  
  47  3:43  Drone  
  47  3:46  Drone  
  50  3:49  Zergling x2  
  50  3:50  Drone  
  50  3:51  Drone  
  50  3:55  Drone x3  
  56  3:56  Zergling x2  
  56  4:00  Drone  
  56  4:01  Drone  
  59  4:03  Drone  
  60  4:10  Drone x2, Evolution Chamber  
  60  4:11  Drone, Zergling x2  
  60  4:12  Evolution Chamber  
  60  4:15  Overlord  
  62  4:19  Overlord  
  62  4:23  Drone x2  
  64  4:24  Overlord  
  64  4:25  Zergling x2  
  64  4:26  Zergling x2  
  64  4:30  Overlord, Spore Crawler  
  64  4:31  Zergling x2  
  64  4:32  Zergling x2  
  65  4:39  Zergling x2  
  65  4:40  Zergling x2  
  65  4:41  Zergling x2  
  65  4:42  Zergling x2  
  65  4:43  Zergling x2  
  67  4:46  Zergling x2  
  67  4:48  Zergling x2  
  68  4:53  Drone  
  68  4:54  Drone x3  
  68  4:56  Drone  
  68  4:59  Drone x2  
  75  5:02  Drone x2, Extractor  
  75  5:05  Drone  
  77  5:09  Overlord  
  77  5:12  Zerg Ground Armor Level 1  
  77  5:14  Spore Crawler x2  
  77  5:17  Extractor x3  
  77  5:18  Zergling x4  
  74  5:21  Zergling x2  
  74  5:23  Zergling x2  
  74  5:26  Zergling x2  
  74  5:28  Zergling x4  
  75  5:30  Zergling x2  
  75  5:31  Zergling x6  
  75  5:33  Queen  
  75  5:34  Queen  
  86  5:37  Zergling x2  
  86  5:38  Zerg Melee Weapons Level 1  
  86  5:39  Zergling x2  
  86  5:42  Zergling x2  
  89  5:43  Zergling x2  
  89  5:44  Zergling x4  
  89  5:49  Drone  
  93  5:52  Baneling Nest  
  93  5:54  Drone  
  93  6:00  Drone  
  93  6:01  Drone x2  
  93  6:02  Drone  
  93  6:03  Drone  
  98  6:04  Drone  
  98  6:05  Drone  
  98  6:07  Lair  
  98  6:09  Drone x2, Queen  
  98  6:10  Zergling x4  
  104  6:14  Zergling x2  
  105  6:20  Drone, Overlord, Hatchery  
  105  6:21  Overlord  
  105  6:23  Overlord  
  105  6:24  Zergling x2  
  106  6:26  Overlord  
  106  6:35  Overlord  
  106  6:36  Baneling x4  
  106  6:37  Roach Warren  
  106  6:38  Overlord  
  105  6:40  Drone  
  105  6:41  Drone x2  
  105  6:43  Drone  
  105  6:46  Drone  
  110  6:47  Pneumatized Carapace  
  110  6:49  Zergling x2  
  110  6:51  Drone x4, Zergling x2  
  116  6:58  Zergling x4  
  118  7:04  Zergling x2  
  118  7:06  Zergling x2  
  120  7:09  Zergling x2  
  120  7:14  Zergling x4  
  120  7:15  Zergling x2  
  111  7:17  Zerg Ground Armor Level 2  
  111  7:20  Drone x2, Infestation Pit  
  111  7:21  Zergling x2  
  113  7:25  Drone  
  113  7:26  Drone  
  113  7:29  Extractor  
  114  7:32  Zergling x4  
  114  7:33  Zergling x6, Zerg Melee Weapons Level 2  
  114  7:36  Roach x5  
  129  7:40  Extractor  
  129  7:41  Drone  
  129  7:43  Baneling x2  
  129  7:44  Zergling x2, Overseer  
  129  7:47  Zergling x2  
  129  7:49  Zergling x2  
  129  7:50  Zergling x2  
  132  7:53  Spore Crawler  
  132  7:57  Hive  
  131  8:01  Baneling  
  131  8:02  Ravager x3  
  131  8:03  Baneling x5  
  131  8:04  Baneling x2  
  133  8:06  Zergling x14  
  133  8:07  Zergling x2  
  133  8:09  Ravager x2  
  133  8:11  Zergling x4  
  133  8:12  Zergling x2  
  145  8:13  Zergling x2  
  145  8:15  Zergling x2  
  145  8:16  Zergling x4  
  145  8:18  Zergling x2  
  145  8:19  Zergling x2  
  146  8:24  Zergling x2  
  146  8:25  Zergling x2  
  146  8:26  Zergling x4  
  141  8:30  Zergling x2  
  141  8:33  Pathogen Glands  
  142  8:34  Burrow  
  142  8:35  Overlord  
  142  8:36  Drone x3  
  142  8:37  Extractor  
  144  8:42  Overlord  
  144  8:45  Zergling x14  
  144  8:47  Overlord, Spine Crawler  
  150  8:50  Zergling x4  
  150  8:51  Baneling  
  150  8:52  Baneling  
  152  8:58  Infestor  
  152  8:59  Infestor x3  
  152  9:02  Overlord, Spine Crawler  
  160  9:04  Overlord, Spine Crawler  
  160  9:08  Zergling x4  
  160  9:09  Centrifical Hooks  
  159  9:10  Zergling x2  
  159  9:12  Zergling x2  
  159  9:13  Zergling x2  
  154  9:17  Ultralisk Cavern  
  154  9:23  Zergling x4  
  154  9:27  Zergling x2  
  154  9:29  Drone x2  
  154  9:30  Drone  
  158  9:31  Zergling x2  
  158  9:34  Zerg Ground Armor Level 3  
  158  9:35  Zergling x4, Spine Crawler  
  158  9:36  Spine Crawler  
  158  9:38  Zergling x2  
  160  9:42  Queen x2  
  160  9:44  Zergling x2  
  165  9:46  Zergling x2  
  166  9:57  Zergling x4  
  166  9:58  Zergling x2  
  170  10:00  Zergling x6  
  170  10:01  Baneling x2  
  170  10:02  Baneling x3  
  170  10:03  Zergling x2  
  170  10:04  Zergling x6  
  170  10:05  Chitinous Plating  
  175  10:11  Ultralisk  
  178  10:16  Ultralisk  
  179  10:23  Ultralisk  
  184  10:30  Ultralisk  
  184  10:35  Zergling x4  
  185  10:36  Zergling x2  
  185  10:37  Zergling x2  
  185  10:41  Zergling x2  
  168  10:51  Zergling x2, Ultralisk x2  
  168  10:52  Zergling x2  
  168  10:56  Zergling x2  
  168  10:57  Zergling x2  
  179  11:01  Ultralisk  
  179  11:02  Zergling x2  
  179  11:20  Hatchery  
  179  11:22  Ultralisk  
  179  11:25  Ultralisk  
  190  11:26  Zergling x2  
  191  11:40  Zergling x2  
  188  11:56  Zergling x16  
  188  11:59  Zergling x2  
Tags
 
Add a new tag
Caveats
  • Supply blocks, unpowered buildings, or Contaminate may cause inaccurate times.
  • Supply counts are checked every 10 seconds.